 Dungeon Crawl Stone Soup version 0.32-a0-656-g3542139ebd (webtiles) character file.

Game seed: 18379495116402271735

322 Aldia the Covert (level 6, -2/32 HPs)
             Began as a Vampire Enchanter on Mar 8, 2024.
             Was an Initiate of Gozag.
             Slain by a ball python (3 damage)
             ... on level 4 of the Dungeon.
             The game lasted 00:09:35 (3409 turns).

Aldia the Covert (Vampire Enchanter)                Turns: 3409, Time: 00:09:36

Health: -2/32      AC:  2    Str:  7    XL:     6   Next: 22%
Magic:  3/9        EV:  3    Int: 19    God:    Gozag
Gold:   220        SH:  0    Dex: 21    Spells: 1/9 levels left

rFire   . . .        p - +2 dagger (drain)
rCold   + + .        (no shield)
rNeg    + + +        b - +0 robe
rPois   ∞            (no helmet)
rElec   .            (no cloak)
rCorr   .            (no gloves)
SInv    +            (no boots)
Will    .....        (no amulet)
Stlth   ++++++       f - +6 ring of dexterity
HPRegen 0.00/turn    (no ring)
MPRegen 0.11/turn

%: no passive effects
@: gold aura, very slightly contaminated, bloodless, inhibited regen,
constricted
A: bloodless, fangs 3, see invisible, vampiric 2
a: Bat Form, Revivify, Renounce Religion, Potion Petition, Call Merchant, Bribe
Branch


You were on level 4 of the Dungeon.
You worshipped Gozag.
Gozag was aware of your devotion.
You visited 1 branch of the dungeon, and saw 4 of its levels.
You also visited: Sewer.

You collected 282 gold pieces.
You paid 62 gold pieces to Gozag.

Inventory:

Hand Weapons
 g - a +0 long sword
 p - a +2 dagger of draining (weapon)
Missiles
 q - 2 throwing nets (quivered)
Armour
 b - a +0 robe (worn)
Jewellery
 f - a +6 ring of dexterity (left hand)
Talismans
 d - a blade talisman
 j - a beast talisman
Scrolls
 a - 3 scrolls of teleportation
 h - a scroll of noise
 i - a scroll of revelation {unknown}
 m - a scroll of enchant weapon
 o - a scroll of blinking {unknown}
 t - a scroll of poison {unknown}
Potions
 c - a potion of invisibility
 e - 2 potions of brilliance
 k - 2 potions of magic
 l - a potion of lignification
 n - 3 potions of might
 r - a potion of cancellation
 u - a potion of curing {unknown}


   Skills:
 * Level 4.6 Short Blades
 - Level 2.1 Dodging
 * Level 8.0 Stealth
 - Level 2.0 Spellcasting
 - Level 5.0 Hexes
 - Level 1.0 Ice Magic


You had one spell level left.
You knew the following spells:

 Your Spells              Type           Power      Damage    Failure   Level
a - Ensorcelled Hibernat  Hex/Ice        26%        N/A       8%          2
b - Confusing Touch       Hex            20%        N/A       6%          3
c - Tukima's Dance        Hex            20%        N/A       6%          3

Your spell library contained the following spells:

 Spells                   Type           Power      Damage    Failure   Level
 Dazzling Flash           Conj/Hex       22%        N/A       19%         3
 Inner Flame              Hex/Fire       11%        N/A       19%         3
 Gell's Gravitas          Tloc           1%         N/A       45%         3
 Passwall                 Erth           1%         N/A       45%         3
 Swiftness                Air            1%         N/A       45%         3
 Teleport Other           Tloc           1%         N/A       45%         3
 Ignite Poison            Fire/Alch      1%         N/A       86%         4
 Sticky Flame             Fire/Alch      1%         2d4       86%         4
 Irradiate                Conj/Alch      0%         3d11      99%         5
 Dispersal                Tloc           0%         N/A       100%        6
 Ignition                 Fire           0%         3d3       100%        8


Dungeon Overview and Level Annotations

Branches:
Dungeon (4/15)              Sewer (visited)
 Temple: D:4-7

Altars:
Gozag


Innate Abilities, Weirdness & Mutations

You do not regenerate when monsters are visible.
You are frail without blood (-20% HP).
You can heal yourself when you bite living creatures.
You are immune to poison.
You have razor-sharp teeth.
You have supernaturally acute eyesight. (SInv)
You are afflicted with vampirism and can become a bat while bloodless.


Message History

You barely miss the ball python. The ball python bites you.
The ball python closely misses you.
You closely miss the ball python. The ball python closely misses you.
The ball python barely misses you.
You completely miss the ball python.
The iguana hisses angrily.
Your bite misses the ball python. The ball python bites you.
The ball python misses you.
Casting: Confusing Touch (dangerous; 6% risk of failure)
Confirm with . or Enter, or press ? or * to list all spells.
Aiming: Ensorcelled Hibernation (safe; 8% risk of failure)
Press: ? - help, Shift-Dir - straight line, f - iguana
Aim: an iguana (chance to affect: 55%)
The iguana resists with significant effort.
The ball python barely misses you. The ball python grabs you.
The ball python constricts you. The iguana bites you.
The ball python bites you. The ball python constricts you.
Unknown command.
Casting: Ensorcelled Hibernation (safe; 8% risk of failure)
Confirm with . or Enter, or press ? or * to list all spells.
Aiming: Ensorcelled Hibernation (safe; 8% risk of failure)
Press: ? - help, Shift-Dir - straight line, f/p - iguana
Aim: an iguana (chance to affect: 55%)
The iguana resists with significant effort.
The iguana bites you. The ball python barely misses you.
The ball python constricts you.
Unknown command.
Unknown command.
Casting: Ensorcelled Hibernation (safe; 8% risk of failure)
Confirm with . or Enter, or press ? or * to list all spells.
Aiming: Ensorcelled Hibernation (safe; 8% risk of failure)
Press: ? - help, Shift-Dir - straight line, f/p - iguana
Aim: an iguana (chance to affect: 55%)
You miscast Ensorcelled Hibernation.
You are very lightly contaminated with residual magic.
Nothing appears to happen.
The iguana bites you!
* * * LOW HITPOINT WARNING * * *
The ball python bites you.
You die...
Your body crumbles into a pile of gold.

#.#+##.####.#
#...........#
#.#+##.####.#
+.+ #.# #.#
#.#
#.####.##+#l#
#...........#
#.####l##+#.#
#..'@S..#
#..#.#..# #+
#.# ## ...
#.# +.+ #.#
#.#


You could see an iguana and a ball python.

Vanquished Creatures
  A crocodile (Sewer)
  A sleepcap (D:4)
  An orc wizard (D:2)
  3 adders
  7 gnolls
  5 dart slugs
  3 ribbon worms (D:2)
  4 orcs (D:3)
  6 endoplasms
  9 giant cockroaches
  6 hobgoblins
  4 jackals
  3 quokkas
  3 ball pythons
  A bat (D:2)
  4 frilled lizards
  7 kobolds
  5 rats
73 creatures vanquished.

Notes
Turn   | Place    | Note
-------+----------+-------------------------------------------
     0 | D:1      | Aldia the Vampire Enchanter began the quest for the Orb.
     0 | D:1      | Reached XP level 1. HP: 13/13 MP: 3/3
    72 | D:1      | Found a faded altar of an unknown god.
   438 | D:1      | Reached XP level 2. HP: 15/15 MP: 5/5
   441 | D:1      | Learned a level 2 spell: Ensorcelled Hibernation
   528 | D:1      | Reached skill level 5 in Stealth
  1009 | D:2      | Gained mutation: You are afflicted with vampirism and can
                  | become a bat while bloodless. [Vampire growth]
  1009 | D:2      | Reached XP level 3. HP: 19/19 MP: 6/6
  1098 | D:2      | Learned a level 3 spell: Confusing Touch
  1360 | D:1      | Reached skill level 1 in Ice Magic
  1502 | D:2      | Reached skill level 6 in Stealth
  1502 | D:2      | Reached XP level 4. HP: 24/24 MP: 4/7
  1991 | D:2      | Reached skill level 5 in Hexes
  1991 | D:2      | Reached XP level 5. HP: 10/28 MP: 0/8
  2202 | D:3      | Found a glowing drain.
  2215 | Sewer    | Entered a sewer
  2254 | Sewer    | Reached skill level 7 in Stealth
  2362 | Sewer    | Noticed a crocodile
  2372 | Sewer    | Killed a crocodile
  2426 | D:3      | Reached XP level 6. HP: 24/32 MP: 9/9
  2483 | D:3      | Learned a level 3 spell: Tukima's Dance
  2628 | D:3      | Found an opulent altar of Gozag.
  2636 | D:3      | Became a worshipper of Gozag Ym Sagoz the Greedy
  3331 | D:4      | Reached skill level 8 in Stealth
  3409 | D:4      | HP: 1/32 [iguana (13)]
  3409 | D:4      | Slain by a ball python

Illustrated notes

Levels and vault maps discovered:
D:1:      psy_arrival_conway, layout_basic, hellmonk_ecumenical_altar_run_dry
D:2:      minmay_roachtagon, layout_rooms
D:3:      layout_loops_cross, mainiacjoe_overflow_boulevard,
          cheibrodos_sewer_entry_drain
D:4:      minmay_door_path, layout_basic

Skill      XL: |  1  2  3  4  5  6 |
---------------+-------------------+-----
Stealth        | 5 6 7 8 |  8.0
Short Blades   | 2 3 4 |  4.6
Ice Magic      | 1 |  1.0
Hexes          | 5 |  5.0
Dodging        | |  2.1
Spellcasting   | |  2.0

Action                     |  1- 3 |  4- 6 || total
---------------------------+-------+-------++-------
  Melee: Dagger            |    51 |   121 ||   172
         Bite              |     6 |    13 ||    19
   Cast: Ensorcelled Hiber |    11 |    22 ||    33
         Confusing Touch   |       |     1 ||     1
Ability: Exsanguinate      |     1 |       ||     1
    Use: Potion            |     1 |     1 ||     2
         Scroll            |     4 |     5 ||     9
   Stab: Sleeping          |    17 |    18 ||    35
         Invisible         |     1 |       ||     1
         Confused          |       |     1 ||     1
 Armour: Robe              |    24 |    88 ||   112
  Dodge: Dodged            |    14 |    92 ||   106

Table legend: (Time is in decaauts)
 A = Elapsed time spent in this place.
 B = Non-inter-level travel time spent in this place.
 C = Inter-level travel time spent in this place.
 D = Time resting spent in this place.
 E = Time spent auto-exploring this place.
 F = Levels seen in this place.
 G = Mean time per level.
                   A        B        C        D        E       F      G
               +--------+--------+--------+--------+--------+-----+--------+
         Total |   3405 |   3191 |    214 |    199 |   2157 |   5 |  681.0 |
       Dungeon |   3187 |   2973 |    214 |    199 |   2029 |   4 |  796.8 |
         Sewer |    218 |    218 |      0 |      0 |    127 |   1 |  218.0 |
               +--------+--------+--------+--------+--------+-----+--------+

Top non-repeatable levels by time:
     D:1: 1271 daAuts
     D:2: 905 daAuts
     D:3: 659 daAuts
     D:4: 351 daAuts
   Sewer: 218 daAuts
